 Dungeon Crawl Stone Soup version 0.26-a0-812-g31a745ddcd (webtiles) character file.

Game seed: 1925441636069564283

16263 feelmyfire the Corrupter of Planes (level 12, -4/81 HPs)
             Began as a Demonspawn Abyssal Knight on Nov 15, 2020.
             Was the Champion of Lugonu.
             Slain by an orc knight
             ... wielding a +2 great sword of distortion
              (14 damage)
             ... on level 11 of the Dungeon.
             The game lasted 00:25:09 (16621 turns).

feelmyfire the Corrupter of Planes (DsAK)          Turns: 16621, Time: 00:25:10

Health: -4/81      AC: 12    Str: 17    XL:     12   Next: 8%
Magic:  22/22      EV:  8    Int: 13    God:    Lugonu [******]
Gold:   749        SH:  6    Dex: 14    Spells: 11/11 levels left

rFire    . . .     SeeInvis +     - Unarmed
rCold    . . .     Faith    +   C - +1 buckler {reflect}
rNeg     + . .     Spirit   .   z - +0 pearl dragon scales
rPois    .         Reflect  +   (helmet unavailable)
rElec    .         Harm     .   e - +0 cloak
rCorr    .         Rampage  .   (gloves unavailable)
MR       .....                  j - +0 pair of boots
Stlth    ..........             I - amulet of faith
HPRegen  0.23/turn              k - ring of see invisible
MPRegen  0.18/turn              K - ring of wizardry

@: drained
A: claws 3, hooves 1, horns 3, demonic guardian 1, rot immunity
a: Depart the Abyss, Bend Space, Banish, Corrupt, Enter the Abyss, Brand Weapon
With Distortion, Renounce Religion


You were on level 11 of the Dungeon.
You worshipped Lugonu.
Lugonu was exalted by your worship.
You visited 1 branch of the dungeon, and saw 13 of its levels.
You visited the Abyss 1 time.
You also visited: Bailey.

You collected 771 gold pieces.
You spent 22 gold pieces at shops.

Inventory:

Hand Weapons
 a - a +1 hand axe
 J - the +8 autumn katana {vorpal, Clar}
   (You took it off a wight on level 10 of the Dungeon)

   It inflicts extra damage upon your enemies.
   It protects you against confusion.
Armour
 b - a +0 leather armour
 e - a +0 cloak (worn)
 j - a +0 pair of boots (worn)
 x - a +0 chain mail
 z - +0 pearl dragon scales (worn)
 C - a +1 buckler of reflection (worn)
 H - a +0 cloak
Jewellery
 f - an uncursed ring of flight
 k - a ring of see invisible (left claw)
 q - an uncursed ring of ice
 F - an uncursed ring of ice
 I - an amulet of faith (around neck)
 K - a ring of wizardry (right claw)
 N - a +6 ring of intelligence {unknown}
 P - a cursed -4 ring of dexterity {unknown}
Wands
 t - a wand of polymorph (11)
 A - a wand of digging (2)
 B - a wand of paralysis (10)
 E - a wand of enslavement (16)
Scrolls
 i - 6 scrolls of remove curse
 m - 2 scrolls of teleportation
 o - a scroll of fear
 p - a scroll of enchant armour
 s - 3 scrolls of identify
 v - 4 scrolls of enchant weapon
 y - 3 scrolls of amnesia
 L - a scroll of blinking
 M - 3 scrolls of vulnerability {unknown}
 O - a scroll of magic mapping
Potions
 c - a potion of resistance {unknown}
 d - 4 potions of mutation
 g - 5 potions of curing
 h - a potion of haste
 l - 2 potions of flight
 n - a potion of attraction
 r - a potion of degeneration
 u - a potion of cancellation
 D - a potion of berserk rage
 G - a potion of heal wounds
Miscellaneous
 w - a box of beasts


   Skills:
 + Level 3.3(2.6) Fighting
 - Level 2.6(1.9) Axes
 - Level 1.7(1.0) Armour
 - Level 0.8(0.1) Dodging
 - Level 4.0(3.2) Shields
 * Level 13.8(12.8) Unarmed Combat
 - Level 14.0(13.0) Invocations


You had 11 spell levels left.
You didn't know any spells.
Your spell library contained the following spells:

 Spells                   Type           Power        Failure   Level
 Corona                   Hex            #......      50%         1
 Magic Dart               Conj           #...         50%         1
 Shock                    Conj/Air       #...         50%         1
 Summon Small Mammal      Summ           #...         50%         1
 Blink                    Tloc           N/A          65%         2
 Call Imp                 Summ           #.......     65%         2
 Ensorcelled Hibernation  Hex/Ice        #.....       65%         2
 Slow                     Hex            #.......     65%         2
 Swiftness                Air            #.......     65%         2
 Call Canine Familiar     Summ           #.......     86%         3
 Confusing Touch          Hex            #.......     86%         3
 Conjure Flame            Conj/Fire      #.......     86%         3
 Dazzling Flash           Conj/Hex       #.....       86%         3
 Mephitic Cloud           Conj/Pois/Air  #.......     86%         3
 Static Discharge         Conj/Air       #.......     86%         3
 Summon Guardian Golem    Hex/Summ       #.......     86%         3
 Tukima's Dance           Hex            #.......     86%         3
 Airstrike                Air            #.........   99%         4
 Ice Form                 Ice/Tmut       #.......     99%         4
 Summon Ice Beast         Ice/Summ       #.......     99%         4
 Summon Lightning Spire   Summ/Air       #.......     99%         4
 Bolt of Magma            Conj/Fire/Erth #.........   100%        5
 Borgnjor's Vile Clutch   Necr/Erth      #.........   100%        5
 Iskenderun's Battlesphe  Conj           #.......     100%        5
 Lightning Bolt           Conj/Air       #.........   100%        5
 Metabolic Englaciation   Hex/Ice        #.........   100%        5
 Silence                  Hex/Air        #.........   100%        5
 Freezing Cloud           Conj/Ice/Air   #.........   100%        6
 Iron Shot                Conj/Erth      #.........   100%        6
 Ozocubu's Refrigeration  Ice            #.........   100%        6
 Shadow Creatures         Summ           N/A          100%        6
 Simulacrum               Ice/Necr       #.........   100%        6
 Orb of Destruction       Conj           #.........   100%        7
 Spellforged Servitor     Conj/Summ      #.........   100%        7


Dungeon Overview and Level Annotations

Branches:
Dungeon (13/15)            Temple (0/1) D:5            Lair (0/6) D:10
    Orc (0/2) D:12         Bailey (visited)
 Vaults: D:13-14

Altars:
Okawaru
Trog
Xom
Beogh

Shops:
D:5 }:   D:8 *   D:9 (

Annotations:
D:7 3 runed translucent doors, PanSaczeczos's ghost, novice VSBr
D:8 2 transporters, Lanoc's ghost, novice MiDe
D:10 1 runed translucent door, Yendr0's ghost, journeyman MiFi


Innate Abilities, Weirdness & Mutations

You have claws for hands.
You have large cloven feet.
You have a pair of large horns on your head.
A weak demonic guardian rushes to your aid.
You are immune to rotting.


Message History

MASSIVE DAMAGE!!
You scratch the orc knight but do no damage.
Your quasit barely misses the orc knight.
Your quasit claws the orc knight but does no damage.
Your quasit barely misses the orc knight.
The orc knight hits you but does no damage.
Space warps horribly around you!!
You take 22 damage, and have 27/81 hp.
MASSIVE DAMAGE!!
You barely miss the orc knight. You headbutt the orc knight!
Your quasit closely misses the orc knight.
Your quasit claws the orc knight.
Your quasit claws the orc knight but does no damage.
Unknown command.
You scratch the orc knight but do no damage.
Your headbutt misses the orc knight.
The orc knight hits you with a +2 great sword of distortion!
* * * LOW HITPOINT WARNING * * *
Space warps horribly around you!
You die...

### ## #.. ..# #.# #.#
###'#########
######.########...........#
#....(.....##.'.5._.......#
#...(......##)#o@.........#
#..........#).#.5.........#
#..(........)##...........#
#....o.o...####...........#
#.).....)..# #...........#
.o..)o.....# ########'####
#..........# #....#
###.######## ###.#### #..#
#...#


You could see an orc knight, a friendly iron imp (summoned) and a friendly
quasit (summoned).

Vanquished Creatures
  Gastronok (D:8)
  Erica (D:8)
  A two-headed ogre (D:9)
  A death yak (D:7)
  Maurice (D:8)
  A centaur skeleton (D:10)
  A troll (D:10)
  A hornet (D:7)
  A shadow (D:10)
  23 yaks
  A wyvern (D:10)
  Duvessa (D:6)
  2 phantoms
  5 sky beasts
  2 black bears
  20 orc warriors
  2 ice beasts (D:9)
  6 ogres
  2 wolves (D:10)
  4 centaurs
  A big kobold (D:12)
  7 bullfrogs
  Dowan (D:6)
  A wyvern skeleton (D:10)
  A scorpion (D:10)
  A wight (D:10)
  A howler monkey (D:6)
  4 electric eels
  2 centaur zombies
  A quasit (D:9)
  9 orc priests
  12 hounds
  4 jellies
  16 orc wizards
  3 bullfrog skeletons
  3 iguanas
  6 worker ants
  A worker ant zombie (D:2)
  5 gnolls
  2 howler monkey skeletons
  A howler monkey zombie (D:6)
  11 adders
  A shadow imp (D:10)
  A white imp (D:6)
  2 ufetubi
  An ooze (D:6)
  An adder skeleton (D:5)
  3 worms
  A dart slug (D:1)
  8 leopard geckos
  60 orcs
  2 ball pythons
  7 giant cockroaches
  19 goblins
  9 hobgoblins
  2 jackals (D:1)
  5 kobolds
  7 quokkas
  8 bats
  7 frilled lizards
  2 jackal skeletons
  A quokka skeleton (D:8)
  8 rats
325 creatures vanquished.

Vanquished Creatures (collateral kills)
  A two-headed ogre (D:11)
  Sonja (D:11)
  A wyvern (D:9)
  3 yaks (D:11)
  A black bear (D:8)
  A centaur (D:11)
  A bullfrog (D:8)
  An adder (D:10)
  6 orcs
  A goblin (Bailey)
17 creatures vanquished.

Grand Total: 342 creatures vanquished

Notes
Turn   | Place    | Note
-------+----------+-------------------------------------------
     0 | Abyss:1  | feelmyfire the Demonspawn Abyssal Knight began the quest
                  | for the Orb.
     0 | Abyss:1  | Reached XP level 1. HP: 18/18 MP: 2/2
    61 | Abyss:1  | Noticed a neqoxec
    62 | D:1      | Escaped the Abyss
   204 | D:1      | Gained mutation: You have sharp fingernails. [demonic
                  | ancestry]
   204 | D:1      | Reached XP level 2. HP: 21/24 MP: 4/4
   205 | D:1      | Reached * piety under Lugonu
   509 | D:1      | Reached skill level 3 in Invocations
  1092 | D:2      | Gained mutation: You have very sharp fingernails. [demonic
                  | ancestry]
  1092 | D:2      | Reached XP level 3. HP: 22/29 MP: 5/5
  1133 | D:2      | Reached skill level 1 in Unarmed Combat
  1485 | D:2      | Found an iron altar of Okawaru.
  1841 | D:2      | Reached ** piety under Lugonu
  1882 | D:2      | Gained mutation: You have claws for hands. [demonic
                  | ancestry]
  1882 | D:2      | Reached XP level 4. HP: 23/35 MP: 6/6
  2403 | D:3      | Reached skill level 4 in Invocations
  3053 | D:3      | Gained mutation: You have a pair of small horns on your
                  | head. [demonic ancestry]
  3053 | D:3      | Reached XP level 5. HP: 34/41 MP: 8/8
  3242 | D:4      | Reached skill level 5 in Invocations
  3248 | D:4      | Gained mutation: You are immune to rotting. [demonic
                  | ancestry]
  3248 | D:4      | Reached XP level 6. HP: 30/47 MP: 9/9
  3944 | D:5      | Entered Level 5 of the Dungeon
  4131 | D:5      | Reached *** piety under Lugonu
  4238 | D:5      | Found Nisiath's Book Shoppe.
  4343 | D:5      | Found Wochitob's Gadget Emporium.
  4516 | D:5      | Found a staircase to the Ecumenical Temple.
  4825 | D:5      | Reached skill level 6 in Invocations
  4825 | D:5      | Gained mutation: A weak demonic guardian rushes to your
                  | aid. [demonic ancestry]
  4825 | D:5      | Reached XP level 7. HP: 38/52 MP: 11/11
  5171 | D:6      | Reached skill level 5 in Unarmed Combat
  5430 | D:6      | Noticed Dowan
  5430 | D:6      | Noticed Duvessa
  5455 | D:6      | Killed Duvessa
  5455 | D:6      | Reached skill level 7 in Invocations
  5462 | D:6      | Killed Dowan
  5820 | D:6      | Reached XP level 8. HP: 53/58 MP: 13/13
  6636 | D:6      | Reached skill level 8 in Invocations
  7132 | D:7      | Noticed a hornet
  7139 | D:7      | Killed a hornet
  7356 | D:6      | Reached skill level 9 in Invocations
  7383 | D:7      | Reached **** piety under Lugonu
  7583 | D:7      | Found a shimmering altar of Xom.
  7734 | D:7      | Found a runed translucent gate.
  7772 | D:7      | Found a runed translucent gate.
  7773 | D:7      | Found a runed translucent gate.
  7775 | D:7      | Noticed PanSaczeczos's ghost (novice VSBr)
  7805 | D:8      | Noticed Maurice
  7830 | D:8      | Gained mutation: You have a pair of horns on your head.
                  | [demonic ancestry]
  7830 | D:8      | Reached XP level 9. HP: 50/63 MP: 15/15
  7841 | D:8      | Noticed Gastronok
  7850 | D:8      | Killed Maurice
  8107 | D:8      | Noticed Erica
  8125 | D:8      | HP: 3/63 [poisoned by Erica (bolt of poison)]
  8137 | D:8      | Killed Erica
  8137 | D:8      | Reached skill level 10 in Invocations
  8604 | D:8      | HP: 2/63 [orc warrior/+0 long sword of holy wrath (17)]
  8995 | D:8      | Found a transporter.
  8998 | D:8      | Noticed Lanoc's ghost (novice MiDe)
  9000 | D:8      | Found a bloodstained altar of Trog.
  9000 | D:8      | Noticed a moth of wrath
  9005 | D:8      | Found a transporter.
  9061 | D:8      | Reached skill level 10 in Unarmed Combat
  9840 | D:8      | Found a roughly hewn altar of Beogh.
 10194 | D:8      | Noticed a death yak
 10225 | D:7      | Killed a death yak
 10225 | D:7      | Reached skill level 11 in Invocations
 10225 | D:7      | Reached XP level 10. HP: 52/70 MP: 18/18
 11158 | D:8      | Found Miloit's General Store.
 11166 | D:8      | Bought a scroll of identify for 22 gold pieces
 11189 | D:8      | Killed Gastronok
 11189 | D:8      | Reached skill level 12 in Invocations
 11516 | D:9      | Found Liutha's Weapon Emporium.
 11556 | D:9      | Reached ***** piety under Lugonu
 11629 | D:9      | Found a flagged portal.
 11649 | Bailey   | Entered a bailey
 11696 | Bailey   | Gained mutation: You have a pair of large horns on your
                  | head. [demonic ancestry]
 11696 | Bailey   | Reached XP level 11. HP: 60/75 MP: 20/20
 12131 | D:9      | Noticed a two-headed ogre
 12147 | D:9      | Killed a two-headed ogre
 12728 | D:10     | Entered Level 10 of the Dungeon
 12728 | D:10     | Found a runed translucent door.
 12731 | D:10     | Noticed Yendr0's ghost (journeyman MiFi)
 12736 | D:10     | Reached skill level 1 in Shields
 12746 | D:10     | Reached skill level 13 in Invocations
 13223 | D:10     | Noticed a four-headed hydra
 13445 | D:10     | Found a staircase to the Lair.
 13648 | D:10     | Banished a six-headed hydra
 13739 | D:10     | HP: 2/75 [shadow imp/nerve-wracking pain (6)]
 14763 | D:11     | Noticed a two-headed ogre
 14767 | D:11     | Killed a two-headed ogre
 15095 | D:11     | You fall into a shaft and drop 2 floors!
 15326 | D:13     | Noticed a vault guard
 15426 | D:12     | Found a staircase to the Orcish Mines.
 15713 | D:11     | Noticed Sonja
 15723 | D:11     | Reached ****** piety under Lugonu
 15729 | D:11     | Killed Sonja
 15729 | D:11     | Gained mutation: You have large cloven feet. [demonic
                  | ancestry]
 15729 | D:11     | Reached XP level 12. HP: 24/81 MP: 22/22
 15800 | D:11     | Reached skill level 14 in Invocations
 16605 | D:11     | Found a roughly hewn altar of Beogh.
 16621 | D:11     | Slain by an orc knight

Illustrated notes

Levels and vault maps discovered:
D:1:      ncdulo_halloftheorcs, layout_loops_ring
D:2:      layout_rooms, okawaru_metal_pillars_3
D:3:      layout_rooms, minmay_misc_feat_roman
D:4:      layout_rooms
D:5:      layout_cave_pools, minmay_temple_entry_statues_pillars, serial_shops,
          shop, nicolae_shop_competitors_out_of_business, st_stairs_8,
          kennysheep_generic_room_2
D:6:      layout_basic, uniq_duvessa
D:7:      layout_basic, lemuel_crystal_altar, gammafunk_ghost_necromancy
D:8:      argonaut_augean_stables, layout_basic,
          gammafunk_ghost_wrathful_warriors, serial_shops, shop, special_room
          [special_room_orc], uniq_erica, uniq_gastronok, uniq_maurice
D:9:      layout_gridville, serial_shops, shop, enter_bailey_3
D:10:     layout_rooms, erik_lair_island, gammafunk_ghost_grave,
          minmay_pinched_square
D:11:     layout_roguey [special_room_orc], portal_ice_cave_entry_pillars_1,
          minivault_19, uniq_sonja, uniq_harold
D:12:     layout_rooms, kennysheep_orc_monster_closet_entryway,
          minmay_quadrilaterals
D:13:     layout_irregular_city, grunt_vaults_entry_fortified, st_stairs_8

Skill      XL: |  1  2  3  4  5  6  7  8  9 10 11 12 |
---------------+-------------------------------------+-----
Axes           | 2 |  2.6
Invocations    | 3 4 5 6 7 9 11 12 13 14 | 14.0
Unarmed Combat | 1 2 3 4 6 8 10 12 13 | 13.8
Shields        | 4 |  4.0
Fighting       | |  3.3
Armour         | |  1.7
Dodging        | |  0.8

Action                   |  1- 3 |  4- 6 |  7- 9 | 10-12 || total
-------------------------+-------+-------+-------+-------++-------
Melee: Hand axe          |    90 |       |       |       ||    90
       Unarmed           |    44 |   177 |   309 |   471 ||  1001
       Headbutt          |       |     9 |    50 |    92 ||   151
       Punch             |       |     2 |     9 |    10 ||    21
Invok: Depart the Abyss  |     1 |       |       |       ||     1
       Banish            |       |       |       |     1 ||     1
Evoke: Wand              |       |       |     3 |     7 ||    10
  Use: Scroll            |       |     8 |       |     6 ||    14
       Potion            |       |       |    12 |     3 ||    15
 Stab: Sleeping          |     1 |     1 |       |       ||     2
       Distracted        |       |       |     1 |       ||     1
Armor: Leather armour    |    48 |    52 |     1 |       ||   101
       Pearl dragon scal |       |       |    98 |   279 ||   377
       Chain mail        |       |       |     9 |       ||     9
       Skin              |       |       |     3 |       ||     3
Dodge: Dodged            |    92 |    85 |    88 |   266 ||   531
Block: Buckler           |       |       |       |    67 ||    67
       Reflection        |       |       |       |     3 ||     3

Table legend: (Time is in decaauts)
 A = Elapsed time spent in this place.
 B = Non-inter-level travel time spent in this place.
 C = Inter-level travel time spent in this place.
 D = Time resting spent in this place.
 E = Time spent auto-exploring this place.
 F = Levels seen in this place.
 G = Mean time per level.
                   A        B        C        D        E       F      G
               +--------+--------+--------+--------+--------+-----+--------+
         Total |  16517 |  16180 |    337 |   6910 |   6265 |  15 | 1101.1 |
       Dungeon |  16083 |  15746 |    337 |   6684 |   6199 |  13 | 1237.2 |
         Abyss |     62 |     62 |      0 |      0 |     60 |   1 |   62.0 |
        Bailey |    372 |    372 |      0 |    226 |      6 |   1 |  372.0 |
               +--------+--------+--------+--------+--------+-----+--------+

Top non-repeatable levels by time:
     D:8: 2476 daAuts
     D:7: 2014 daAuts
    D:10: 2010 daAuts
     D:9: 1621 daAuts
     D:6: 1542 daAuts
     D:5: 1342 daAuts
     D:2: 1314 daAuts
     D:1: 1033 daAuts
     D:4: 881 daAuts
     D:3: 784 daAuts
    D:11: 706 daAuts
  Bailey: 372 daAuts
    D:13: 236 daAuts
    D:12: 120 daAuts
 Abyss:1: 62 daAuts
